Map: Blackburn LE

Players

EvilNeuro - Winner!

  • Race: Protoss Protoss
  • League: Master
  • Spawn Location: 7:00

TossNSalads

  • Race: Protoss Protoss
  • League: Master
  • Spawn Location: 5:00

VOD

Have the link to the VOD?

Description

Time

  • Played on: April 12, 2021, 12:46 p.m.
  • Length: 9:18
Show
View Real Time Build Order
Export as new Build Order

EvilNeuro Protoss - Winner!

Build Orders:  

Get SALT Encoding   

  12  0:00  Probe  
  13  0:12  Probe  
  14  0:18  Pylon  
  14  0:24  Probe  
  15  0:36  Probe (Chrono Boost)  
  15  0:38  Gateway  
  16  0:44  Assimilator  
  16  0:49  Probe (Chrono Boost)  
  18  0:57  Probe (Chrono Boost)  
  18  0:58  Assimilator  
  18  1:03  Probe  
  19  1:15  Probe  
  20  1:27  Probe  
  20  1:28  Gateway  
  20  1:31  Cybernetics Core  
  21  1:39  Zealot (Chrono Boost)  
  23  1:51  Pylon  
  23  2:09  Probe  
  24  2:15  Stalker (Chrono Boost)  
  24  2:22  Probe  
  26  2:34  Probe, Stalker (Chrono Boost)  
  29  2:53  Probe  
  30  3:05  Probe  
  31  3:29  Robotics Facility  
  31  3:39  Cybernetics Core  
  31  4:03  Gateway  
  31  4:05  Gateway  
  31  4:18  Shield Battery  
  31  4:34  Pylon  
  31  4:35  Pylon  
  28  4:52  Immortal  
  29  5:03  Warp Gate  
  29  5:04  Stalker x2  
  33  5:18  Probe  
  34  5:31  Gateway  
  34  5:34  Gateway  
  34  5:41  Probe  
  35  5:49  Pylon  
  35  5:51  Pylon  
  35  5:55  Warp Prism (Chrono Boost)  
  37  6:09  Sentry  
  37  6:11  Sentry  
  45  6:26  Sentry x2  
  45  6:37  Sentry x2  
  49  6:48  Nexus  
  49  6:49  Probe  
  48  7:01  Probe  
  48  7:08  Twilight Council  
  49  7:13  Probe  
  49  7:14  Pylon  
  50  7:25  Probe  
  51  7:37  Probe  
  51  7:40  Charge (Chrono Boost)  
  52  7:57  Gateway x2  
  52  8:01  Gateway  
  52  8:03  Gateway  
  52  8:10  Zealot x2  
  56  8:18  Sentry x2  
  60  8:28  Pylon  
  60  8:43  Zealot x4  
  62  9:06  Zealot x2  
  62  9:07  Zealot x6  
Show
View Real Time Build Order
Export as new Build Order

TossNSalads Protoss 

Build Orders:  

Get SALT Encoding   

  12  0:00  Probe  
  13  0:12  Probe  
  14  0:19  Pylon  
  14  0:24  Probe  
  15  0:37  Probe (Chrono Boost)  
  15  0:40  Forge  
  16  0:46  Probe (Chrono Boost)  
  17  0:53  Probe  
  18  1:03  Pylon  
  18  1:05  Probe  
  19  1:17  Probe  
  20  1:21  Pylon  
  20  1:29  Probe  
  21  1:36  Pylon  
  21  1:37  Pylon  
  21  1:54  Photon Cannon  
  21  1:56  Gateway  
  21  1:58  Pylon  
  20  2:07  Photon Cannon  
  20  2:09  Gateway  
  20  2:14  Pylon  
  20  2:18  Pylon  
  20  2:33  Photon Cannon  
  20  2:34  Gateway  
  20  2:38  Pylon  
  20  2:49  Photon Cannon  
  20  2:55  Photon Cannon  
  20  2:57  Pylon  
  20  3:00  Zealot (Chrono Boost)  
  24  3:08  Zealot (Chrono Boost)  
  24  3:12  Probe  
  25  3:24  Probe  
  26  3:35  Zealot x2  
  26  3:36  Probe  
  31  3:44  Cybernetics Core  
  31  3:45  Pylon  
  31  3:48  Probe  
  30  4:05  Zealot x2 (Chrono Boost)  
  34  4:17  Probe  
  35  4:28  Assimilator  
  35  4:30  Zealot x2 (Chrono Boost)  
  35  4:34  Assimilator  
  38  4:53  Zealot  
  38  4:55  Zealot  
  36  5:03  Probe  
  33  5:12  Gateway  
  29  5:14  Gateway  
  29  5:16  Gateway  
  29  5:17  Pylon  
  29  5:32  Warp Gate  
  29  5:33  Probe  
  29  5:45  Probe  
  29  5:47  Photon Cannon  
  29  5:48  Shield Battery  
  30  5:52  Photon Cannon  
  30  5:58  Pylon  
  30  6:12  Pylon  
  30  6:13  Stalker (Chrono Boost)  
  36  6:23  Stalker x2 (Chrono Boost)  
  36  6:35  Stalker  
  38  6:45  Stalker x2  
  42  6:47  Shield Battery  
  40  7:23  Nexus, Sentry  
  40  7:28  Sentry  
  44  7:35  Pylon  
  44  7:38  Twilight Council  
  45  7:51  Probe  
  45  7:55  Pylon  
  45  8:25  Probe  
  46  8:36  Zealot, Shield Battery  
  46  8:37  Probe  
  46  8:38  Shield Battery  
  46  8:40  Zealot  
  51  8:53  Templar Archives  
  45  9:03  Zealot x2  
  45  9:07  Zealot  
Tags
 
Matchup
PvP
Spawn Locations
Close Positions
Add a new tag
Caveats
  • Supply blocks, unpowered buildings, or Contaminate may cause inaccurate times.
  • Supply counts are checked every 10 seconds.